 Dungeon Crawl Stone Soup version 0.31-a0-331-geda263fcf1 (webtiles) character file.

Game seed: 15460066578713399661

215 cforsyth the Digger (level 5, -7/35 HPs)
             Began as a Vampire Earth Elementalist on July 20, 2023.
             Mangled by a hobgoblin
             ... wielding a +0 mace
              (9 damage)
             ... on level 2 of the Dungeon.
             The game lasted 00:02:46 (1910 turns).

cforsyth the Digger (Vampire Earth Elementalist)    Turns: 1910, Time: 00:02:47

Health: -7/35      AC:  2    Str:  7    XL:     5   Next: 60%
Magic:  4/10       EV: 12    Int: 19    God:
Gold:   83         SH:  0    Dex: 15    Spells: 10/11 levels left

rFire   . . .        h - staff of conjuration
rCold   . . .        (no shield)
rNeg    . . .        a - +0 robe
rPois   .            (no helmet)
rElec   .            (no cloak)
rCorr   .            (no gloves)
SInv    +            (no boots)
Will    .....        (no amulet)
Stlth   ++           (no ring)
HPRegen 0.45/turn    (no ring)
MPRegen 0.12/turn

%: no passive effects
@: very slightly contaminated, healing quickly
A: alive, fangs 3, see invisible, vampiric 2
a: Exsanguinate


You were on level 2 of the Dungeon.
You visited 1 branch of the dungeon, and saw 3 of its levels.

You collected 83 gold pieces.

Inventory:

Missiles
 g - a throwing net
Armour
 a - a +0 robe (worn)
Magical Staves
 h - a staff of conjuration (weapon)
Jewellery
 d - an amulet of the acrobat
Wands
 j - a wand of polymorph (5)
Scrolls
 c - 2 scrolls of teleportation {unknown}
 e - 3 scrolls of enchant armour {unknown}
Potions
 b - 2 potions of magic
 f - a potion of mutation {unknown}
 i - a potion of curing {unknown}
 k - a potion of might {unknown}
 l - a potion of lignification {unknown}


   Skills:
 - Level 2.1 Dodging
 - Level 3.0 Stealth
 + Level 3.5 Spellcasting
 - Level 1.7 Conjurations
 - Level 1.9 Transmutations
 + Level 4.4 Earth Magic


You had 10 spell levels left.
You knew the following spells:

 Your Spells              Type           Power      Damage    Failure   Level
a - Sandblast             Erth           40%        2d10      2%          1

Your spell library contained the following spells:

 Spells                   Type           Power      Damage    Failure   Level
 Passwall                 Tmut/Erth      12%        N/A       6%          2
 Stone Arrow              Conj/Erth      44%        3d9       12%         3
 Petrify                  Tmut/Erth      15%        N/A       36%         4


Dungeon Overview and Level Annotations

Branches:
Dungeon (3/15)

Altars:

Shops:
D:1 !

Annotations:
D:2 Terence


Innate Abilities, Weirdness & Mutations

Your natural rate of healing is accelerated.
You have razor-sharp teeth.
You have supernaturally acute eyesight. (SInv)
You are afflicted with vampirism and can become a bat while bloodless.


Message History

The hobgoblin hits you with a +0 mace!
The blast of sand hits the hobgoblin.
You kill the hobgoblin!
The bat completely misses you. The hobgoblin completely misses you.
The hobgoblin hits you with a +0 mace.
The blast of sand hits the bat!
You kill the bat!
The hobgoblin closely misses you.
The blast of sand hits the hobgoblin but does no damage.
The hobgoblin hits you with a +0 mace. x2
You are too injured to fight recklessly!
You are too injured to fight recklessly!
You are too injured to fight recklessly!
You are too injured to fight recklessly!
Casting: Sandblast (safe; 2% risk of failure)
Confirm with . or Enter, or press ? or * to list all spells.
Aiming: Sandblast (safe; 2% risk of failure)
Press: ? - help, Shift-Dir - straight line, f/p - hobgoblin
Aim: a hobgoblin, wielding a +0 mace, wearing a +0 chain mail and wearing a ring of poison resistance (87% to hit)
You miscast Sandblast.
You are very lightly contaminated with residual magic.
Nothing appears to happen.
The hobgoblin hits you with a +0 mace!
* * * LOW HITPOINT WARNING * * *
Casting: Sandblast (safe; 2% risk of failure)
Confirm with . or Enter, or press ? or * to list all spells.
Aiming: Sandblast (safe; 2% risk of failure)
Press: ? - help, Shift-Dir - straight line, f/p - hobgoblin
Aim: a hobgoblin, wielding a +0 mace, wearing a +0 chain mail and wearing a ring of poison resistance (87% to hit)
The blast of sand misses the hobgoblin.
The hobgoblin barely misses you.
Casting: Sandblast (safe; 2% risk of failure)
Confirm with . or Enter, or press ? or * to list all spells.
Aiming: Sandblast (safe; 2% risk of failure)
Press: ? - help, Shift-Dir - straight line, f/p - hobgoblin
Aim: a hobgoblin, wielding a +0 mace, wearing a +0 chain mail and wearing a ring of poison resistance (87% to hit)
The blast of sand hits the hobgoblin.
The hobgoblin is moderately wounded.
The hobgoblin hits you with a +0 mace.
* * * LOW HITPOINT WARNING * * *
The hobgoblin hits you with a +0 mace!
You die...

#######
##.....##
##..[....##
#.....รท...#
###.........#
#.#.........#
#.#.......###
#.#.....g.#
#......@..#
#......[..#
#.#..>....#
#.#.......#
#.#.......# #
#.........# #
#..#......#
##
#..#.##..##
#. #..#.....#
###.


You could see a hobgoblin.

Vanquished Creatures
  Sigmund (D:2)
  An adder (D:2)
  2 worms (D:2)
  A dart slug (D:1)
  2 ball pythons (D:1)
  6 bats
  3 endoplasms
  3 giant cockroaches (D:1)
  7 hobgoblins
  A quokka (D:2)
  3 goblins (D:1)
  2 kobolds
  A rat (D:1)
33 creatures vanquished.

Notes
Turn   | Place    | Note
-------+----------+-------------------------------------------
     0 | D:1      | cforsyth the Vampire Earth Elementalist began the quest for
                  | the Orb.
     0 | D:1      | Reached XP level 1. HP: 13/13 MP: 3/3
   453 | D:1      | Reached XP level 2. HP: 19/19 MP: 3/5
  1286 | D:1      | Found Uceebb's Distillery.
  1384 | D:2      | Gained mutation: You are afflicted with vampirism and can
                  | become a bat while bloodless. [Vampire growth]
  1384 | D:2      | Reached XP level 3. HP: 21/24 MP: 3/6
  1444 | D:2      | Noticed Terence
  1694 | D:2      | Noticed Sigmund
  1698 | D:2      | Killed Sigmund
  1699 | D:2      | Reached skill level 1 in Conjurations
  1699 | D:2      | Reached skill level 4 in Earth Magic
  1699 | D:2      | Reached XP level 4. HP: 17/30 MP: 3/9
  1699 | D:2      | Reached XP level 5. HP: 20/35 MP: 3/10
  1910 | D:2      | Mangled by a hobgoblin

Illustrated notes

Levels and vault maps discovered:
D:1:      lightli_arrival_windingriver, layout_basic, serial_shops,
          nicolae_shop_back_alley_shop, minmay_fountain_box
D:2:      layout_rooms, uniq_crazy_yiuf_cottage, uniq_sigmund, uniq_terence
D:3:      layout_loops_ring, basic_ecumenical_altar, grunt_ministairs_4,
          minmay_hedge_maze, nicolae_eternal_life, uniq_grinder

Skill      XL: |  1  2  3 |
---------------+----------+-----
Spellcasting   | 3 |  3.5
Conjurations   | 1 |  1.7
Earth Magic    | 4 |  4.4
Dodging        | |  2.1
Stealth        | |  3.0
Transmutations | |  1.9

Action                     |  1- 3 |  4- 6 || total
---------------------------+-------+-------++-------
   Cast: Sandblast         |    49 |    19 ||    68
 Armour: Robe              |     5 |     5 ||    10
  Dodge: Dodged            |     8 |    15 ||    23

Table legend: (Time is in decaauts)
 A = Elapsed time spent in this place.
 B = Non-inter-level travel time spent in this place.
 C = Inter-level travel time spent in this place.
 D = Time resting spent in this place.
 E = Time spent auto-exploring this place.
 F = Levels seen in this place.
 G = Mean time per level.
                   A        B        C        D        E       F      G
               +--------+--------+--------+--------+--------+-----+--------+
         Total |   1945 |   1864 |     81 |    142 |   1440 |   3 |  648.3 |
       Dungeon |   1945 |   1864 |     81 |    142 |   1440 |   3 |  648.3 |
               +--------+--------+--------+--------+--------+-----+--------+

Top non-repeatable levels by time:
     D:1: 1560 daAuts
     D:2: 316 daAuts
     D:3: 68 daAuts
